 Dungeon Crawl Stone Soup version 0.23.1-38-g628c18f423 (webtiles) character file.

Game seed: 9510805828424468174

154 PentaManta the Vandal (level 5, -6/36 HPs)
             Began as a Halfling Hunter on Mar 29, 2019.
             Was an Initiate of Okawaru.
             Killed from afar by an orc wizard (8 damage)
             ... with a magic dart
             ... on level 3 of the Dungeon.
             The game lasted 00:03:16 (1752 turns).

PentaManta the Vandal (Halfling Hunter)             Turns: 1752, Time: 00:03:17

Health: -6/36      AC:  4    Str: 14    XL:     5   Next: 63%
Magic:  5/5        EV: 16    Int:  9    God:    Okawaru [......]
Gold:   118        SH:  0    Dex: 15    Spells: 4/4 levels left

rFire    . . .     SeeInvis .   a - +1 hunting sling
rCold    . . .     Gourm    .   (shield restricted)
rNeg     . . .     Faith    .   c - +0 leather armour
rPois    .         Spirit   .   (no helmet)
rElec    .         Reflect  .   (no cloak)
rCorr    .         Harm     .   (no gloves)
MR       .....                  n - +0 pair of boots
Stlth    ++........             (no amulet)
HPRegen  0.12/turn              (no ring)
MPRegen  0.09/turn              (no ring)

@: slowed, very slow
A: small, mutation resistance 1
a: Renounce Religion


You were on level 3 of the Dungeon.
You worshipped Okawaru.
Okawaru was noncommittal.
You were not hungry.

You visited 1 branch of the dungeon, and saw 3 of its levels.

You collected 118 gold pieces.

Inventory:

Hand Weapons
 a - a +1 hunting sling (weapon)
 b - a +0 short sword
Missiles
 i - 30 stones (quivered)
Armour
 c - a +0 leather armour (worn)
 n - a +0 pair of boots (worn)
Scrolls
 e - a scroll of teleportation {unknown}
 g - 3 scrolls of identify {unknown}
 h - 2 scrolls of remove curse {unknown}
 j - 2 scrolls of amnesia {unknown}
 k - 3 scrolls of blinking {unknown}
 m - a scroll of random uselessness {unknown}
 o - 3 scrolls of immolation {unknown}
 p - a scroll of fog {unknown}
 x - a scroll of fear {unknown}
Potions
 l - 2 potions of cancellation {unknown}
 q - a potion of mutation {unknown}
 r - a potion of lignification {unknown}
 s - a potion of heal wounds {unknown}
 t - 2 potions of might {unknown}
 u - 2 potions of haste {unknown}
 v - a potion of berserk rage {unknown}
 w - a potion of curing {unknown}
Comestibles
 f - 2 rations
 z - 2 chunks of flesh


   Skills:
 + Level 3.1 Fighting
 + Level 7.1 Slings
 + Level 3.8 Dodging
 - Level 1.1 Stealth


You had 4 spell levels left.
You didn't know any spells.
Your spell library was empty.

Dungeon Overview and Level Annotations

Branches:
Dungeon (3/15)

Altars:
Gozag
Makhleb
Okawaru
Ru
Wu Jian
Xom
Yredelemnul


Innate Abilities, Weirdness & Mutations

You are small and have problems with some larger weapons.
You are somewhat resistant to further mutation.


Message History

Press: ? - help, Shift-Dir - straight line, f/p - orc wizard
Aim: an orc wizard, wielding a +0 dagger and wearing a +0 robe (almost dead, fast)
You shoot a stone. The stone hits the orc wizard.
The orc wizard is almost dead.
The orc wizard points at you and mumbles some strange words.
The magic dart hits you. The orc wizard casts a spell at you.
The magic dart hits you.
* * * LOW HITPOINT WARNING * * *
Unknown command.
Firing (i - inventory)
i - 31 stones (quivered)
Press: ? - help, Shift-Dir - straight line, f/p - orc wizard
Aim: an orc wizard, wielding a +0 dagger and wearing a +0 robe (almost dead, fast)
You shoot a stone.
The stone closely misses the orc wizard.
The orc wizard hits you with a +0 dagger.
* * * LOW HITPOINT WARNING * * *
The orc wizard gestures at you while chanting.
The magic dart hits you!
You die...

#........ #.(..
##########.###. #)...
........##.#### #...#
#......##..... #..(#
#............. #(.(#
#..)...####... #..(#
#.......†....#
#.()####.......#.....
#(.o@..'.......#.##.#
#...####......##.####
##+## #......##.#
#......##.#
#......##.#
#########.# #.. ###


You could see an orc wizard.

Vanquished Creatures
  An orc wizard (D:3)
  Terence (D:3)
  3 adders
  2 dart slugs
  5 leopard geckos
  3 orcs (D:3)
  2 giant cockroaches (D:1)
  6 goblins
  7 hobgoblins
  14 kobolds
  A quokka (D:2)
  3 bats
  9 frilled lizards
  8 rats
65 creatures vanquished.

Vanquished Creatures (others)
  A plant (D:2)
1 creature vanquished.

Grand Total: 66 creatures vanquished

Notes
Turn   | Place    | Note
-------+----------+-------------------------------------------
     0 | D:1      | PentaManta the Halfling Hunter began the quest for the Orb.
     0 | D:1      | Reached XP level 1. HP: 14/14 MP: 1/1
   132 | D:1      | Reached skill level 6 in Slings
   139 | D:1      | Reached XP level 2. HP: 19/19 MP: 2/2
   354 | D:1      | Reached XP level 3. HP: 24/24 MP: 3/3
  1113 | D:2      | Reached XP level 4. HP: 30/30 MP: 4/4
  1338 | D:2      | Found a shimmering altar of Xom.
  1346 | D:2      | Found a basalt altar of Yredelemnul.
  1357 | D:2      | Found a burning altar of Makhleb.
  1364 | D:2      | Found an ornate altar of the Wu Jian Council.
  1375 | D:2      | Found an opulent altar of Gozag.
  1385 | D:2      | Found an iron altar of Okawaru.
  1390 | D:2      | Found a sacrificial altar of Ru.
  1404 | D:2      | Became a worshipper of Warmaster Okawaru
  1606 | D:3      | Found a faded altar of an unknown god.
  1639 | D:3      | Noticed Terence
  1652 | D:3      | Killed Terence
  1652 | D:3      | Reached skill level 7 in Slings
  1652 | D:3      | Reached XP level 5. HP: 36/36 MP: 5/5
  1752 | D:3      | Killed from afar by an orc wizard

Skill      XL: |  1  2  3  4  5 |
---------------+----------------+-----
Slings         | 6 7 |  7.1
Fighting       | 2 3 |  3.1
Dodging        | 3 |  3.8
Stealth        | |  1.1

Action                   |  1- 3 |  4- 6 || total
-------------------------+-------+-------++-------
 Fire: Hunting sling     |    77 |   107 ||   184
  Eat: Chunk             |       |     2 ||     2
Armor: Leather armour    |     1 |    14 ||    15
Dodge: Dodged            |     9 |    33 ||    42
